 Dungeon Sprint DCSS version 0.29-a0-700-g2f1814c7b2 (webtiles) character file.

Game seed: 19588286034050316

17536 mhtbhm the Imperceptible (level 12, -14/58 HPs)
             Began as a Spriggan Enchanter on June 25, 2022.
             Was the Champion of Dithmenos.
             Demolished by a rakshasa
             ... wielding a +0 trident
              (24 damage)
             ... in the Dungeon (Sprint IX: "|||||||||||||||||||||||||||||").
             The game lasted 00:10:09 (3811 turns).

mhtbhm the Imperceptible (Spriggan Enchanter)       Turns: 3811, Time: 00:10:10

Health: -14/58     AC:  4    Str:  4    XL:     12   Next: 19%
Magic:  31/31      EV: 29    Int: 16    God:    Dithmenos [******]
Gold:   328        SH:  5    Dex: 21    Spells: 6/39 levels left

rFire   . . .      SeeInvis +   a - +4 short sword (venom)
rCold   + . .      Faith    .   (no shield)
rNeg    . . .      Spirit   .   b - +0 robe {rC+}
rPois   .          Reflect  +   (helmet restricted)
rElec   .          Harm     .   t - +1 cloak
rCorr   .          Rampage  .   (gloves unavailable)
Will    ++...      NoTele   +   (boots unavailable) Stlth *******+++
                                z - amulet of reflection
HPRegen 0.19/turn               k - +2 ring of evasion
MPRegen 0.22/turn               l - +2 ring of evasion

@: wreathed by umbra, very quick
A: very small, no large weapons, unfitting armour, see invisible, speed 3
a: Renounce Religion, Shadow Step, Shadow Form


You were in the Dungeon.
You worshipped Dithmenos.
Dithmenos was exalted by your worship.
You visited 1 branch You collected 1937 gold pieces.
You spent 1609 gold pieces at shops.

Inventory:

Hand Weapons
 a - a +4 short sword of venom (weapon)
Armour
 b - a +0 robe of cold resistance (worn)
 t - a +1 cloak (worn)
Jewellery
 k - a +2 ring of evasion (left hand)
 l - a +2 ring of evasion (right hand)
 y - a ring of willpower
 z - an amulet of reflection (around neck)
 A - a ring of protection from fire
 B - a ring of protection from fire
Wands
 j - a wand of iceblast (8)
Scrolls
 h - 2 scrolls of amnesia
 i - 3 scrolls of blinking
 o - 4 scrolls of enchant armour
 p - 6 scrolls of enchant weapon
 q - a scroll of fear
 r - a scroll of identify
 s - a scroll of magic mapping
 u - a scroll of acquirement
 v - 3 scrolls of fog
Potions
 c - 3 potions of invisibility
 d - 6 potions of curing
 e - 3 potions of heal wounds
 f - a potion of haste
 g - 4 potions of magic
 m - 2 potions of berserk rage
 n - 3 potions of resistance
 w - a potion of cancellation {unknown}
 x - a potion of flight {unknown}
 C - 2 potions of brilliance


   Skills:
 + Level 4.7 Fighting
 + Level 12.2 Short Blades
 + Level 9.6 Dodging
 + Level 23.9 Stealth
 + Level 0.5 Shields
 + Level 14.3 Spellcasting
 + Level 2.0 Conjurations
 + Level 15.4 Hexes
 + Level 7.4 Ice Magic
 * Level 13.5 Invocations


You had 6 spell levels left.
You knew the following spells:

 Your Spells              Type           Power      Damage    Failure   Level
a - Ensorcelled Hibernat  Hex/Ice        96%        N/A       1%          2
b - Confusing Touch       Hex            57%        N/A       1%          3
c - Tukima's Dance        Hex            57%        N/A       1%          3
d - Dazzling Flash        Conj/Hex       78%        N/A       1%          3
e - Inner Flame           Hex/Fire       36%        N/A       1%          3
f - Cause Fear            Hex            28%        N/A       1%          4
g - Discord               Hex            28%        N/A       56%         8
h - Blink                 Tloc           22%        N/A       9%          2
i - Manifold Assault      Tloc           11%        N/A       86%         5

Your spell library contained the following spells:

 Spells                   Type           Power      Damage    Failure   Level
 Storm Form               Tmut/Air       5%         N/A       100%        7


Dungeon Overview and Level Annotations

Branches:
Dungeon (1/1)

Altars:
Cheibriados
Dithmenos
Elyvilon
Fedhas
Gozag
Hepliaklqana
Kikubaaqudgha
Makhleb
Nemelex Xobeh
Okawaru
Qazlal
Ru
Sif Muna
Trog
Uskayaw
Vehumet
Wu Jian
Xom
Yredelemnul
Zin
The Shining One
Beogh
Jiyva
Lugonu

Shops:
D *??:


Innate Abilities, Weirdness & Mutations

You are very small and have problems with some larger weapons.
You are too small for most types of armour.
You have supernaturally acute eyesight. (SInv)
You cover ground extremely quickly. (Speed+++)


Message History

You are too injured to fight recklessly!
You are too injured to fight recklessly!
You are too injured to fight recklessly!
You are too injured to fight recklessly!
You are too injured to fight recklessly!
You are too injured to fight recklessly!
You are too injured to fight recklessly!
You are too injured to fight recklessly!
You are too injured to fight recklessly!
You are too injured to fight recklessly!
You are too injured to fight recklessly!
You are too injured to fight recklessly!
You are too injured to fight recklessly!
You feel better. The rakshasa completely misses you.
The rakshasa gestures at you. The lance of force misses you.
You barely miss the rakshasa.
The rakshasa is heavily wounded.
Okay, then.
The rakshasa hits you from afar with a +0 trident!
You see here a +1 giant spiked club.
Aiming: Iceblast
Press: ? - help, Shift-Dir - straight line, f - rakshasa
Aim: a rakshasa, wielding a +0 trident and wearing a +0 robe (black smoke, heavily wounded, poisoned, umbra)
The mass of ice explodes!
The iceblast engulfs the rakshasa but does no damage.
The rakshasa is heavily wounded.
The rakshasa hits you from afar with a +0 trident!
* * * LOW HITPOINT WARNING * * *
You emit a cloud of dark smoke.
Unknown command.
That's the wrong kind of item! (Use * to select it.) Evoke which item? (* to show all) (? for menu, Esc to quit)
Aiming: Iceblast
Press: ? - help, Shift-Dir - straight line, f/p - rakshasa
Aim: a rakshasa, wielding a +0 trident and wearing a +0 robe (black smoke, heavily wounded, poisoned, umbra)
The mass of ice explodes!
The iceblast engulfs the rakshasa!
The rakshasa is severely wounded.
The rakshasa hits you from afar with a +0 trident!!
You die...

▓▓▓▓▓▓▓▓▓▓▓▓▓▓▓▓▓▓▓▓▓▓▓▓▓▓▓▓▓▓▓▓▓
......[[[[[[[[§§@§RR))))....'....
▓▓▓▓▓▓▓▓▓▓▓▓▓▓▓▓▓▓▓▓▓▓▓▓▓▓▓▓▓▓▓▓▓
...............)........)..[.....
▓▓▓▓▓▓▓▓▓▓▓▓▓▓▓▓▓▓▓▓▓▓▓▓▓▓▓▓▓▓▓▓▓
))........).)).)))).))).)....)...
▓▓▓▓▓▓▓▓▓▓▓▓▓▓▓▓▓▓▓▓▓▓▓▓▓▓▓▓▓▓▓▓▓
................................)
▓▓▓▓▓▓▓▓▓▓▓▓▓▓▓▓▓▓▓▓▓▓▓▓▓▓▓▓▓▓▓▓▓
†...††'†.......÷'.....(.[.....'..


You could see a rakshasa (poisoned).

Vanquished Creatures
  A frost giant (D)
  3 hydras (D)
  A centaur warrior (D)
  A tengu warrior (D)
  A catoblepas (D)
  Urug (D)
  9 orc knights (D)
  An ugly thing (D)
  An orc sorcerer (D)
  A manticore (D)
  A cyclops (D)
  2 black mambas (D)
  A cane toad (D)
  A kobold demonologist (D)
  An efreet (D)
  An unseen horror (D)
  Psyche (D)
  2 komodo dragons (D)
  A merfolk (shapeshifter) (D)
  A meliai (D)
  A troll (D)
  A slime creature (D)
  3 yaks (D)
  2 wargs (D)
  A hell hound (D)
  6 water moccasins (D)
  16 orc warriors (D)
  5 wolves (D)
  A centaur (D)
  2 bullfrogs (D)
  A wight (D)
  A gnoll shaman (D)
  3 orc priests (D)
  An iguana (D)
  4 orc wizards (D)
  A gnoll (D)
  10 orcs (D)
  A goblin (D)
  A hobgoblin (D)
  A kobold (D)
  A bat (D)
  A rat (D)
96 creatures vanquished.

Vanquished Creatures (collateral kills)
  A gargoyle (D)
1 creature vanquished.

Vanquished Creatures (others)
  A dancing weapon (D)
1 creature vanquished.

Grand Total: 98 creatures vanquished

Notes
Turn   | Place    | Note
-------+----------+-------------------------------------------
     0 | D        | mhtbhm the Spriggan Enchanter began the quest for the Orb.
     0 | D        | Reached XP level 1. HP: 9/9 MP: 5/5
    16 | D        | Reached skill level 5 in Stealth
   277 | D        | Noticed an iguana
   277 | D        | Noticed a water moccasin
   286 | D        | Reached skill level 6 in Stealth
   286 | D        | Reached skill level 5 in Hexes
   286 | D        | Reached XP level 2. HP: 13/13 MP: 7/7
   296 | D        | Killed a water moccasin
   297 | D        | Reached skill level 5 in Dodging
   297 | D        | Reached skill level 9 in Stealth
   297 | D        | Reached XP level 3. HP: 17/17 MP: 8/10
   297 | D        | Reached XP level 4. HP: 21/21 MP: 8/11
   302 | D        | Reached XP level 5. HP: 25/25 MP: 9/13
   404 | D        | Found a snail-covered altar of Cheibriados.
   404 | D        | Found a shadowy altar of Dithmenos.
   404 | D        | Found a white marble altar of Elyvilon.
   404 | D        | Found a blossoming altar of Fedhas.
   404 | D        | Found an opulent altar of Gozag.
   405 | D        | Found a hazy altar of Hepliaklqana.
   406 | D        | Found a viscous altar of Jiyva.
   407 | D        | Found an ancient bone altar of Kikubaaqudgha.
   408 | D        | Found a corrupted altar of Lugonu.
   409 | D        | Found a burning altar of Makhleb.
   411 | D        | Became a worshipper of Dithmenos the Shadowed
   415 | D        | Learned a level 2 spell: Ensorcelled Hibernation
   419 | D        | Learned a level 3 spell: Confusing Touch
   423 | D        | Learned a level 3 spell: Tukima's Dance
   427 | D        | Learned a level 3 spell: Dazzling Flash
   428 | D        | Found a sparkling altar of Nemelex Xobeh.
   429 | D        | Found an iron altar of Okawaru.
   430 | D        | Found a stormy altar of Qazlal.
   431 | D        | Found a sacrificial altar of Ru.
   432 | D        | Found a shimmering blue altar of Sif Muna.
   433 | D        | Found a bloodstained altar of Trog.
   434 | D        | Found a hide-covered altar of Uskayaw.
   435 | D        | Found a radiant altar of Vehumet.
   436 | D        | Found an ornate altar of the Wu Jian Council.
   437 | D        | Found a shimmering altar of Xom.
   438 | D        | Found a basalt altar of Yredelemnul.
   439 | D        | Found a glowing silver altar of Zin.
   440 | D        | Found a glowing golden altar of the Shining One.
   469 | D        | Noticed a gargoyle
   469 | D        | Noticed an orc warrior
   469 | D        | Noticed an unseen horror
   471 | D        | Killed an unseen horror
   472 | D        | Reached skill level 1 in Fighting
   472 | D        | Reached skill level 5 in Short Blades
   472 | D        | Reached skill level 12 in Stealth
   472 | D        | Reached XP level 6. HP: 30/30 MP: 14/16
   479 | D        | Reached skill level 10 in Hexes
   508 | D        | Killed an orc warrior
   508 | D        | Reached * piety under Dithmenos
   509 | D        | Reached XP level 7. HP: 18/33 MP: 2/17
   727 | D        | Killed a gargoyle
   727 | D        | Reached ** piety under Dithmenos
   728 | D        | Reached skill level 13 in Stealth
   728 | D        | Reached skill level 1 in Ice Magic
   728 | D        | Reached skill level 5 in Invocations
   912 | D        | Noticed a troll
   912 | D        | Noticed a tengu warrior
   912 | D        | Noticed a brown ugly thing
   912 | D        | Noticed a kobold demonologist
   912 | D        | Noticed a catoblepas
   915 | D        | Killed a catoblepas
   916 | D        | Reached skill level 14 in Stealth
   916 | D        | Reached XP level 8. HP: 39/39 MP: 16/21
   924 | D        | Noticed a rust devil
   928 | D        | Killed a brown ugly thing
   929 | D        | Reached skill level 15 in Stealth
  1128 | D        | Killed a kobold demonologist
  1129 | D        | Reached XP level 9. HP: 23/43 MP: 16/23
  1145 | D        | Killed a tengu warrior
  1145 | D        | Reached *** piety under Dithmenos
  1146 | D        | Reached skill level 16 in Stealth
  1146 | D        | Reached skill level 1 in Conjurations
  1264 | D        | Killed a troll
  1265 | D        | Reached skill level 10 in Short Blades
  1524 | D        | Noticed a komodo dragon
  1524 | D        | Noticed a komodo dragon
  1526 | D        | Killed a komodo dragon
  1527 | D        | Reached skill level 10 in Spellcasting
  1528 | D        | Killed a komodo dragon
  1528 | D        | Reached **** piety under Dithmenos
  1528 | D        | Noticed a six-headed hydra
  1611 | D        | Reached skill level 17 in Stealth
  1613 | D        | Reached XP level 10. HP: 38/49 MP: 8/25
  1835 | D        | Killed a six-headed hydra
  1841 | D        | Reached ***** piety under Dithmenos
  1858 | D        | Noticed a six-headed hydra
  1865 | D        | Killed a six-headed hydra
  1866 | D        | Reached skill level 5 in Ice Magic
  1866 | D        | Reached skill level 10 in Invocations
  1867 | D        | Noticed a four-headed hydra
  1867 | D        | Noticed a cane toad
  1867 | D        | Noticed a black mamba
  1869 | D        | Killed a black mamba
  1871 | D        | Killed a cane toad
  1872 | D        | Reached skill level 18 in Stealth
  1872 | D        | Noticed a black mamba
  1881 | D        | Killed a four-headed hydra
  1944 | D        | Killed a black mamba
  1944 | D        | Reached ****** piety under Dithmenos
  1945 | D        | Reached skill level 19 in Stealth
  2003 | D        | Reached XP level 11. HP: 52/52 MP: 28/28
  2614 | D        | Noticed an orc sorcerer
  2626 | D        | Killed an orc sorcerer
  2627 | D        | Reached skill level 20 in Stealth
  2751 | D        | Found Bazamm's Book Boutique.
  2751 | D        | Noticed an orc knight
  2751 | D        | Noticed an orc knight
  2751 | D        | Noticed an orc knight
  2751 | D        | Noticed an orc knight
  2752 | D        | Noticed an orc knight
  2753 | D        | Killed an orc knight
  2754 | D        | Found Foevan's Magic Scroll Shop.
  2757 | D        | Killed an orc knight
  2758 | D        | Found Vaiduudi's Magic Scroll Boutique.
  2759 | D        | Killed an orc knight
  2760 | D        | Reached skill level 21 in Stealth
  2760 | D        | Noticed an orc knight
  2761 | D        | Killed an orc knight
  2771 | D        | Killed an orc knight
  2774 | D        | Killed an orc knight
  2777 | D        | Reached skill level 22 in Stealth
  2784 | D        | Found Geloemiwn's General Store.
  2788 | D        | Noticed an orc knight
  2790 | D        | Noticed an orc knight
  2801 | D        | Killed an orc knight
  2809 | D        | Killed an orc knight
  3001 | D        | Bought a scroll of acquirement for 676 gold pieces
  3001 | D        | Bought a scroll of fog for 26 gold pieces
  3003 | D        | Bought a scroll of blinking for 75 gold pieces
  3005 | D        | Bought a book of Hexes for 360 gold pieces
  3005 | D        | Bought a potion of curing for 30 gold pieces
  3015 | D        | Learned a level 3 spell: Inner Flame
  3020 | D        | Learned a level 4 spell: Cause Fear
  3029 | D        | Learned a level 8 spell: Discord
  3029 | D        | Bought an Inescapable Atlas for 442 gold pieces
  3032 | D        | Learned a level 2 spell: Blink
  3038 | D        | Learned a level 5 spell: Manifold Assault
  3178 | D        | Noticed Urug
  3185 | D        | Killed Urug
  3189 | D        | Noticed Psyche
  3196 | D        | Killed Psyche
  3197 | D        | Reached skill level 23 in Stealth
  3323 | D        | Noticed a fire crab
  3323 | D        | Noticed an orc knight
  3323 | D        | Noticed a centaur warrior
  3327 | D        | Noticed a frost giant
  3341 | D        | Killed a centaur warrior
  3346 | D        | Reached skill level 15 in Hexes
  3346 | D        | Reached XP level 12. HP: 28/58 MP: 15/30
  3563 | D        | Killed a frost giant
  3782 | D        | Noticed a rakshasa
  3811 | D        | Demolished by a rakshasa

Illustrated notes

Levels and vault maps discovered:
D:        linesprint [early_d, line_temple, items_1, d_10, items_2, lair_1,
          lair_end, items_3, orc_1, orc_end, items_4, d_15, swamp_1, shoals_1,
          snake_1, spider_1, d_20, vaults_1, items_5, swamp_end, shoals_end,
          snake_end, spider_end, vaults_end, d_27, items_6, zot_1, zot_end,
          crypt_end, forest_end, elf_end, slime_end, tomb_end, abyss_end,
          pan_hell_end]

Skill      XL: |  1  2  3  4  5  6  7  8  9 10 11 12 |
---------------+-------------------------------------+-----
Hexes          | 5 7 8 9 10 11 12 14 15 | 15.4
Stealth        | 6 9 12 14 15 17 19 23 | 23.9
Spellcasting   | 3 4 6 8 9 10 12 13 14 | 14.3
Dodging        | 3 5 6 7 8 9 |  9.6
Short Blades   | 3 5 6 8 9 10 11 12 | 12.2
Fighting       | 1 2 3 4 |  4.7
Invocations    | 3 4 7 9 11 13 | 13.5
Ice Magic      | 2 4 5 7 |  7.4
Conjurations   | 1 2 |  2.0
Shields        | |  0.5

Action                   |  1- 3 |  4- 6 |  7- 9 | 10-12 || total
-------------------------+-------+-------+-------+-------++-------
Melee: Dagger            |    35 |     5 |       |       ||    40
       Rapier            |       |    21 |    49 |    95 ||   165
       Short sword       |       |       |       |    51 ||    51
 Cast: Ensorcelled Hiber |       |     5 |    24 |    59 ||    88
       Tukima's Dance    |       |     1 |     1 |     6 ||     8
       Confusing Touch   |       |     1 |     1 |     2 ||     4
       Dazzling Flash    |       |       |     5 |    10 ||    15
Evoke: Wand              |       |       |       |     2 ||     2
  Use: Potion            |     2 |       |       |     2 ||     4
 Stab: Sleeping          |     2 |     1 |    10 |    49 ||    62
       Confused          |       |     1 |     1 |     3 ||     5
       Invisible         |       |       |     6 |    10 ||    16
       Distracted        |       |       |       |     1 ||     1
Armor: Robe              |       |       |       |     4 ||     4
Dodge: Dodged            |    26 |    15 |    36 |    76 ||   153
Block: Other             |       |       |       |     7 ||     7

Table legend: (Time is in decaauts)
 A = Elapsed time spent in this place.
 B = Non-inter-level travel time spent in this place.
 C = Inter-level travel time spent in this place.
 D = Time resting spent in this place.
 E = Time spent auto-exploring this place.
 F = Levels seen in this place.
 G = Mean time per level.
                   A        B        C        D        E       F      G
               +--------+--------+--------+--------+--------+-----+--------+
         Total |   3220 |   3220 |      0 |   1582 |    708 |   1 | 3220.0 |
       Dungeon |   3220 |   3220 |      0 |   1582 |    708 |   1 | 3220.0 |
               +--------+--------+--------+--------+--------+-----+--------+

Top non-repeatable levels by time:
       D: 3220 daAuts
